 Dungeon Crawl Stone Soup version 0.20.0-7-g3b7b877 (webtiles) character file.

9182 mopl the Grappler (level 11, -4/110 HPs)
             Began as a Troll Hunter on May 29, 2017.
             Slain by a spiny frog (15 damage)
             ... on level 8 of the Dungeon.
             The game lasted 00:12:59 (9107 turns).

mopl the Grappler (Troll Hunter)                    Turns: 9107, Time: 00:13:00

Health: -4/110     AC:  8    Str: 22    XL:     11   Next: 19%
Magic:  10/10      EV:  9    Int:  7    God:
Gold:   285        SH:  0    Dex: 13    Spells: 8/10 levels left

rFire    . . .     SeeInvis .     - Unarmed
rCold    . . .     Gourm    +   (no shield)
rNeg     . . .     Faith    .   t - +0 robe
rPois    +         Spirit   .   (helmet restricted)
rElec    .         Reflect  .   H - scarf {cloud immunity}
rCorr    .         Harm     .   (gloves unavailable)
MR       .....                  (boots unavailable)
Stlth    +.........             x - amulet of inaccuracy (curse)
Regen    0.7/turn               s - ring of poison resistance
MPRegen  0.2/turn               J - +3 ring of protection

@: drained
A: unfitting armour, claws 3, fast metabolism 3, gourmand, regeneration 1,
shaggy fur 1, tough skin 2
a: no special abilities


You were on level 8 of the Dungeon.
You were completely stuffed.

You visited 3 branches of the dungeon, and saw 11 of its levels.

You collected 477 gold pieces.
You spent 192 gold pieces at shops.

Inventory:

Hand Weapons
 b - a +0 hunting sling
Missiles
 c - 10 large rocks
 d - 2 throwing nets
 i - 258 stones
 p - 15 tomahawks (quivered)
 w - 9 sling bullets
 A - 11 poisoned needles
Armour
 t - a +0 robe (worn)
 H - a scarf of cloud immunity (worn)
 N - a +2 large shield
Jewellery
 s - a ring of poison resistance (left claw)
 v - an uncursed amulet of the gourmand {unknown}
 x - a cursed amulet of inaccuracy (around neck)
 B - an uncursed ring of fire
 D - an uncursed amulet of magic regeneration {unknown}
 J - a +3 ring of protection (right claw)
Wands
 K - a wand of scattershot (4/9)
Scrolls
 a - a scroll of amnesia {unknown}
 g - 4 scrolls of identify {unknown}
 h - 3 scrolls of remove curse {unknown}
 j - 9 scrolls of teleportation {unknown}
 m - a scroll of acquirement {unknown}
 n - a scroll of blinking {unknown}
 o - a scroll of enchant armour {unknown}
 q - 2 scrolls of noise {unknown}
 u - a scroll of random uselessness {unknown}
 y - a scroll of fear {unknown}
 C - 3 scrolls of immolation {unknown}
 F - 2 scrolls of recharging {unknown}
Potions
 e - 4 potions of curing {unknown}
 k - 4 potions of lignification {unknown}
 r - 3 potions of flight {unknown}
 z - a potion of magic {unknown}
 E - 3 potions of degeneration {unknown}
 L - a potion of cancellation {unknown}
 M - a potion of brilliance {unknown}
Comestibles
 f - 6 bread rations
 l - 3 meat rations
 G - 6 fruits
 I - 3 chunks of flesh


   Skills:
 + Level 7.7(6.7) Fighting
 + Level 8.9(7.9) Throwing
 - Level 1.5(0.7) Dodging
 - Level 0.3(0.0) Stealth
 * Level 12.0(11.0) Unarmed Combat


You had 8 spell levels left.
You knew the following spells:

 Your Spells              Type           Power        Failure   Level  Hunger
e - Blink                 Tloc           N/A          56%         2    ###....


Dungeon Overview and Level Annotations

Branches:
Dungeon (9/15)             Temple (1/1) D:7            Lair (1/6) D:8
    Orc: D:9-12

Altars:
Dithmenos
Gozag
Hepliaklqana
Nemelex Xobeh
Okawaru
Qazlal
Ru
Sif Muna
Trog
Uskayaw

Shops:
D:8 [

Annotations:
D:7 Sagrath01's ghost, novice DsAK


Innate Abilities, Weirdness & Mutations

You are too large for most types of armour.
You have claws for hands.
Your metabolism is lightning-fast.
You like to eat raw meat.
Your natural rate of healing is unusually fast.
You are covered in fur. (AC +1)
You have very tough skin. (AC +2)


Message History

The wolf bites you but does no damage. The spiny frog stings you!
The yak gores you! The wolf bites you but does no damage.
The spiny frog stings you!
* * * LOW HITPOINT WARNING * * *
The wolf bites you!
* * * LOW HITPOINT WARNING * * *
The wolf bites you.
* * * LOW HITPOINT WARNING * * *
The wolf bites you but does no damage. The wolf closely misses you.
The wolf bites you.
* * * LOW HITPOINT WARNING * * *
The wolf bites you but does no damage. The wolf bites you!
* * * LOW HITPOINT WARNING * * *
There is a stone staircase leading up here.
The wolf bites you.
* * * LOW HITPOINT WARNING * * *
The spiny frog stings you!
You die...

#..............##.#.####### #.#
#.....#........#..........# #.#
##......>......#.########.# #.#
#...................# #.# #.#
#.............#Y###.####.###.##
#.............#.# #...........##
####.#.....).Y#h# #......#.....#
##..###.......#Fh###.#####...(...
....######......@....>###........
#...........###........(.........
....#####.#.###..###..........([.
###.# #...#...#....#.###.........
###.###.#####........#####......#
#.....#.......##.#.#...........##
#.....###...####.#............##
#.....# #...# ##.#####.....##.#
#.>...# ##.####...## #........#


You could see 2 yaks, a spiny frog and 2 wolves.

Vanquished Creatures
  3 death yaks
  Pikel (D:5)
  2 trolls
  3 hippogriffs
  10 yaks
  A wyvern (D:9)
  Grum (D:8)
  A hungry ghost (D:7)
  A water moccasin (D:9)
  4 orc warriors
  A phantom (D:4)
  A slave (D:5)
  3 sky beasts
  3 ice beasts
  3 wolves (D:8)
  An ogre (D:8)
  3 centaurs
  2 big kobolds (D:9)
  6 bullfrogs
  A gnoll sergeant (D:9)
  3 scorpions
  13 wights
  3 howler monkeys (D:8)
  A crimson imp (D:6)
  2 centaur zombies
  5 hounds
  A centaur skeleton (D:5)
  4 orc priests
  A bullfrog skeleton (D:4)
  3 iguanas
  3 orc wizards
  6 worker ants
  A hound skeleton (D:9)
  A howler monkey zombie (D:8)
  2 worker ant zombies (D:5)
  6 gnolls
  9 adders
  3 oozes
  An adder skeleton (D:9)
  An adder zombie (D:7)
  2 worms
  A dart slug (D:1)
  3 leopard geckos
  28 orcs
  3 ball pythons
  6 giant cockroaches
  4 goblins
  8 hobgoblins
  2 quokkas
  7 bats
  9 frilled lizards
  16 kobolds
  3 rats
212 creatures vanquished.

Vanquished Creatures (others)
  A centaur (D:5)
  A jackal (D:5)
  A quokka skeleton (D:5)
3 creatures vanquished.

Grand Total: 215 creatures vanquished

Notes
Turn   | Place    | Note
-------+----------+-------------------------------------------
     0 | D:1      | mopl the Troll Hunter began the quest for the Orb.
     0 | D:1      | Reached XP level 1. HP: 19/19 MP: 0/0
   377 | D:1      | Reached XP level 2. HP: 28/28 MP: 1/1
   611 | D:1      | Reached skill level 1 in Unarmed Combat
  1078 | D:2      | Reached skill level 2 in Fighting
  1106 | D:2      | Reached XP level 3. HP: 28/35 MP: 2/2
  1285 | D:2      | Reached skill level 2 in Unarmed Combat
  1613 | D:3      | Reached skill level 4 in Throwing
  1613 | D:3      | Reached XP level 4. HP: 32/42 MP: 3/3
  2053 | D:4      | Reached XP level 5. HP: 42/50 MP: 4/4
  2154 | D:4      | Reached skill level 3 in Unarmed Combat
  2243 | D:4      | Reached skill level 3 in Fighting
  2265 | D:4      | Noticed a phantom
  2296 | D:4      | Killed a phantom
  2296 | D:4      | Reached skill level 4 in Unarmed Combat
  2296 | D:4      | Reached XP level 6. HP: 45/61 MP: 5/5
  2444 | D:5      | Entered Level 5 of the Dungeon
  2662 | D:5      | Noticed a slave
  2662 | D:5      | Noticed a slave
  2663 | D:5      | Noticed Pikel
  2664 | D:5      | Noticed a slave
  2664 | D:5      | Noticed a slave
  2689 | D:5      | Killed Pikel
  2689 | D:5      | Reached skill level 4 in Fighting
  2689 | D:5      | Reached skill level 5 in Throwing
  2689 | D:5      | Reached skill level 5 in Unarmed Combat
  2689 | D:5      | Reached XP level 7. HP: 30/70 MP: 6/6
  2902 | D:5      | Reached skill level 6 in Unarmed Combat
  3083 | D:5      | Found a stormy altar of Qazlal.
  3083 | D:5      | Found a shadowy altar of Dithmenos.
  3108 | D:5      | Reached XP level 8. HP: 36/79 MP: 7/7
  3694 | D:6      | Reached skill level 7 in Unarmed Combat
  3937 | D:6      | Reached skill level 6 in Throwing
  4362 | D:6      | Reached skill level 5 in Fighting
  4540 | D:7      | Reached skill level 8 in Unarmed Combat
  4577 | D:7      | Reached XP level 9. HP: 68/88 MP: 8/8
  4620 | D:6      | HP: 3/88 [wight/enchanted war axe (8)]
  4620 | D:6      | HP: 1/88 [wight/enchanted war axe (2)]
  4903 | D:7      | Learned a level 2 spell: Blink
  5488 | D:7      | Noticed Sagrath01's ghost (novice DsAK)
  6043 | D:7      | Reached skill level 9 in Unarmed Combat
  6070 | D:7      | Reached skill level 7 in Throwing
  6264 | D:6      | Reached skill level 6 in Fighting
  6714 | D:8      | Noticed Grum
  6721 | D:8      | Reached skill level 10 in Unarmed Combat
  6732 | D:8      | Killed Grum
  6732 | D:8      | Reached XP level 10. HP: 61/100 MP: 9/9
  6915 | D:8      | Found a staircase to the Lair.
  6915 | D:8      | Noticed a death yak
  6917 | D:8      | Noticed a death yak
  6939 | D:8      | Noticed a death yak
  7137 | D:8      | Found Curr's Antique Armour Shoppe.
  7140 | D:8      | Bought a runed scarf for 192 gold pieces
  7225 | D:7      | Found a staircase to the Ecumenical Temple.
  7242 | Temple   | Entered the Ecumenical Temple
  7324 | D:8      | Killed a death yak
  7369 | D:7      | Killed a death yak
  7369 | D:7      | Reached skill level 7 in Fighting
  7369 | D:7      | Reached skill level 8 in Throwing
  7427 | D:8      | Reached skill level 11 in Unarmed Combat
  7452 | D:8      | Killed a death yak
  8200 | D:9      | Reached XP level 11. HP: 82/109 MP: 10/10
  8421 | D:9      | Found a sparkling altar of Nemelex Xobeh.
  8468 | D:9      | Found a hide-covered altar of Uskayaw.
  8546 | D:9      | Found an opulent altar of Gozag.
  8795 | D:9      | Reached skill level 12 in Unarmed Combat
  8854 | D:9      | Found a hazy altar of Hepliaklqana.
  8906 | Lair:1   | Entered Level 1 of the Lair of Beasts
  9107 | D:8      | Slain by a spiny frog

Skill      XL: |  1  2  3  4  5  6  7  8  9 10 11 |
---------------+----------------------------------+-----
Unarmed Combat | 1 2 4 5 6 8 10 11 12 | 12.0
Fighting       | 2 3 4 5 6 7 |  7.7
Throwing       | 4 5 6 7 8 |  8.9
Dodging        | |  1.5
Stealth        | |  0.3

Action                   |  1- 3 |  4- 6 |  7- 9 | 10-12 || total
-------------------------+-------+-------+-------+-------++-------
Melee: Unarmed           |   101 |   166 |   340 |   275 ||   882
       Punch             |       |     1 |    15 |     9 ||    25
Throw: Large rock        |       |       |     7 |     8 ||    15
       Throwing net      |       |       |     3 |       ||     3
       Tomahawk          |       |       |       |    12 ||    12
 Stab: Sleeping          |       |       |     1 |       ||     1
       Held in net/web   |       |       |     1 |       ||     1
  Eat: Chunk             |    17 |    13 |    40 |    22 ||    92
       Royal jelly       |       |       |     1 |       ||     1
Armor: Robe              |    41 |    39 |    71 |    61 ||   212
Dodge: Dodged            |    57 |    94 |   137 |    97 ||   385
